 Dungeon Crawl Stone Soup version 0.29.0-4-gdea44cf6ec (webtiles) character file.

Game seed: 14607215564529783504

17 qw the Chopper (level 2, 0/17 HPs)
             Began as a Tengu Warper on Aug 28, 2022.
             Killed from afar by a dart slug (3 damage)
             ... with a slug dart
             ... on level 1 of the Dungeon.
             The game lasted 00:00:02 (417 turns).

qw the Chopper (Tengu Warper)                        Turns: 417, Time: 00:00:02

Health: 0/17       AC:  3    Str: 11    XL:     2   Next: 62%
Magic:  6/6        EV: 11    Int: 13    God:
Gold:   24         SH:  0    Dex: 13    Spells: 5/5 levels left

rFire   . . .      SeeInvis .   a - +0 hand axe
rCold   . . .      Faith    .   (no shield)
rNeg    . . .      Spirit   .   b - +0 leather armour
rPois   .          Reflect  .   (helmet restricted)
rElec   .          Harm     .   (no cloak)
rCorr   .          Rampage  .   (no gloves)
Will    .....                   (boots unavailable)
Stlth   +.........              (no amulet)
HPRegen 0.05/turn               (no ring)
MPRegen 0.10/turn               (no ring)

@: no status effects
A: beak, talons 3
a: no special abilities


You were on level 1 of the Dungeon.
You visited 1 branch of the dungeon, and saw 1 of its levels.

You collected 24 gold pieces.


Innate Abilities, Weirdness & Mutations

You have a beak for a mouth.
You have claws for feet.


   Skills:
 - Level 2.0 Fighting
 + Level 3.4 Axes
 - Level 1.0 Throwing
 - Level 1.1 Armour
 - Level 2.1 Dodging
 - Level 2.0 Spellcasting
 - Level 2.4 Translocations


You had 5 spell levels left.
You didn't know any spells.
Your spell library contained the following spells:

 Spells                   Type           Power      Damage    Failure   Level
 Blink                    Tloc           14%        N/A       19%         2
 Gell's Gravitas          Tloc           7%         N/A       36%         3
 Lesser Beckoning         Tloc           7%         N/A       36%         3
 Teleport Other           Tloc           7%         N/A       36%         3
 Manifold Assault         Tloc           7%         N/A       98%         5

Inventory:

Hand Weapons
 a - a +0 hand axe (weapon)
 d - a +0 club
Armour
 b - a +0 leather armour (worn)
 j - a +0 chain mail
Scrolls
 c - a scroll of blinking
 f - a scroll of enchant weapon {unknown}
 h - a scroll of torment {unknown}
 i - a scroll of teleportation {unknown}
 l - a scroll of fog {unknown}
Potions
 e - a potion of resistance {unknown}
 g - a potion of mutation {unknown}
 k - a potion of brilliance {unknown}

Dungeon Overview and Level Annotations

Branches:
Dungeon (1/15)

Altars:


Message History

The jackal bites you but does no damage.
A rat comes into view.
You barely miss the jackal. Your kick misses the jackal. You hit the jackal.
The jackal bites you. x3
The jackal bites you but does no damage.
You closely miss the jackal.
The jackal is severely wounded.
You hit the jackal but do no damage. You hit the dart slug.
The jackal bites you but does no damage.
You hit the jackal.
The jackal is severely wounded.
You hit the dart slug. You closely miss the jackal. x2
The jackal bites you.
The jackal bites you but does no damage.
The jackal barely misses you.
The dart slug bites you but does no damage.
The jackal closely misses you. The jackal barely misses you.
The jackal bites you.
You hit the jackal. Your kick misses the jackal. Your peck misses the jackal.
The jackal is almost dead.
You completely miss the dart slug. You hit the jackal.
You barely miss the jackal. The jackal barely misses you. The jackal bites you.
The jackal closely misses you. The dart slug launches a dart at you.
The slug dart hits you. The jackal bites you.
You hit the jackal.
You kill the jackal!
You hit the dart slug. You hit the jackal.
You kill the jackal!
You hit the jackal.
You kill the jackal!
The dart slug closely misses you.
You hit the dart slug.
You kill the dart slug!
You hit the dart slug. You hit the goblin.
The goblin hits you with a +0 dagger. The dart slug launches a dart at you.
The slug dart hits you.
You die...

####.......###
###.............
#..+......}......
#.##............. .
#.#####.......### ...
#.# #.......# ....####.#
###...### #...w..##
#...# #..rg@..# #...#
....####..#######+######
# #.w...................
#.#####.##.########.#.
#.##..### #...
#.......### ###.
######....####..
.........)......
.......###.....#


You could see a dart slug, a goblin and a rat.

Vanquished Creatures
  A dart slug (D:1)
  2 ball pythons (D:1)
  2 endoplasms (D:1)
  A goblin (D:1)
  A hobgoblin (D:1)
  4 jackals (D:1)
  A bat (D:1)
  A frilled lizard (D:1)
  2 kobolds (D:1)
  A rat (D:1)
16 creatures vanquished.

Notes
Turn   | Place    | Note
-------+----------+-------------------------------------------
     0 | D:1      | qw the Tengu Warper began the quest for the Orb.
     0 | D:1      | Reached XP level 1. HP: 12/12 MP: 4/4
     0 | D:1      | 0 ||| qw: Version: 0.1-a-89-g26bdef1
     0 | D:1      | 0 ||| qw: Game counter: 390
     0 | D:1      | 0 ||| qw: Always use a shield: true
     0 | D:1      | 0 ||| qw: God list: Okawaru
     0 | D:1      | 0 ||| qw: Allow faded altars: false
     0 | D:1      | 0 ||| qw: Do Orc after D:15 true
     0 | D:1      | 0 ||| qw: Do second Lair branch before Depths: true
     0 | D:1      | 0 ||| qw: Lair rune preference: random
     0 | D:1      | 0 ||| qw: Plans: Normal
     0 | D:1      | 0 ||| PLANNING D:1-11
   190 | D:1      | Reached skill level 3 in Axes
   190 | D:1      | Reached XP level 2. HP: 17/17 MP: 6/6
   354 | D:1      | 354 ||| Stepping ~*~*~tactically~*~*~ (stealth).
   378 | D:1      | 378 ||| Stepping ~*~*~tactically~*~*~ (stealth).
   415 | D:1      | HP: 4/17 [jackal (1)]
   417 | D:1      | Killed from afar by a dart slug

Levels and vault maps discovered:
D:1:      minmay_arrival_cross, layout_basic, nicolae_titane

Skill      XL: |  1 |
---------------+----+-----
Axes           | 3 |  3.4
Fighting       | |  2.0
Throwing       | |  1.0
Armour         | |  1.1
Dodging        | |  2.1
Spellcasting   | |  2.0
Translocations | |  2.4

Action                   || total
-------------------------++-------
Melee: Hand axe          ||    21
       Kick              ||     9
       Peck              ||     2
Throw: Boomerang         ||     7
Armor: Leather armour    ||     7
Dodge: Dodged            ||    14

Table legend:
 A = Non-vault XP
 B = Vault XP
 C = Vault XP percentage of total XP
 D = Non-vault monster count
 E = Vault monster count
 F = Vault count percentage of total count
                 A         B        C        D         E       F
            +---------+---------+-------+---------+---------+-------
      Total |      29 |       0 |   0.0 |      16 |       0 |   0.0
            +---------+---------+-------+---------+---------+-------
        D:1 |      29 |       0 |   0.0 |      16 |       0 |   0.0
            +---------+---------+-------+---------+---------+-------
